 Dungeon Crawl Stone Soup version 0.30.1-1-g62c8e00024 (webtiles) character file.

Game seed: 18043701873666288546

200 shmup the Firebug (level 5, -1/28 HPs)
             Began as a Tengu Fire Elementalist on July 14, 2023.
             Killed from afar by Ijyb (8 damage)
             ... with a bolt of light
             ... on level 4 of the Dungeon.
             The game lasted 00:07:47 (3093 turns).

shmup the Firebug (Tengu Fire Elementalist)         Turns: 3093, Time: 00:07:48

Health: -1/28      AC:  5    Str:  9    XL:     5   Next: 78%
Magic:  0/10       EV: 19    Int: 17    God:
Gold:   195        SH:  0    Dex: 14    Spells: 6/9 levels left

rFire   . . .        v - +2 dagger (speed)
rCold   + . .        (no shield)
rNeg    . . .        r - +1 leather armour "Loiridigg" {rC+ Will+}
rPois   .            (helmet restricted)
rElec   .            o - +0 cloak
rCorr   .            (no gloves)
SInv    .            (boots unavailable)
Will    +....        c - amulet of guardian spirit
Stlth   ++           s - +5 ring of evasion
HPRegen 0.24/turn    (no ring)
MPRegen 0.12/turn

%: guardian spirit
@: flying quickly and evasively, quick
A: beak, talons 3, nimble flight
a: no special abilities


You were on level 4 of the Dungeon.
You visited 1 branch of the dungeon, and saw 4 of its levels.

You collected 195 gold pieces.

Inventory:

Hand Weapons
 d - a +0 falchion
 f - a +0 short sword
 v - a +2 dagger of speed (weapon)
Missiles
 e - 29 stones (quivered)
Armour
 a - a +0 robe
 o - a +0 cloak (worn)
 r - the +1 leather armour "Loiridigg" (worn) {rC+ Will+}
   (You found it on level 2 of the Dungeon)

   rC:        It protects you from cold.
   Will:      It increases your willpower.
Jewellery
 c - an amulet of guardian spirit (around neck)
 s - a +5 ring of evasion (left hand)
Wands
 u - a wand of roots (8)
Scrolls
 i - 2 scrolls of magic mapping {unknown}
 j - 3 scrolls of fear {unknown}
 k - 2 scrolls of identify {unknown}
 l - a scroll of vulnerability {unknown}
 t - a scroll of enchant armour {unknown}
 w - a scroll of fog {unknown}
 x - a scroll of blinking {unknown}
Potions
 b - a potion of magic
 g - 2 potions of brilliance {unknown}
 h - a potion of flight {unknown}
 m - a potion of mutation {unknown}
 n - a potion of might {unknown}
 p - 3 potions of curing {unknown}
 q - a potion of degeneration {unknown}
 z - a potion of lignification {unknown}


   Skills:
 + Level 3.3 Dodging
 + Level 3.1 Stealth
 + Level 2.7 Spellcasting
 + Level 3.0 Conjurations
 * Level 4.7 Fire Magic


You had 6 spell levels left.
You knew the following spells:

 Your Spells              Type           Power      Damage    Failure   Level
a - Foxfire               Conj/Fire      60%        2x1d7     4%          1
b - Scorch                Fire           36%        2d7       5%          2

Your spell library contained the following spells:

 Spells                   Type           Power      Damage    Failure   Level
 Inner Flame              Hex/Fire       10%        N/A       28%         3
 Volatile Blastmotes      Fire/Tloc      20%        2d11      28%         3
 Flame Wave               Conj/Fire      15%        2d7       45%         4


Dungeon Overview and Level Annotations

Branches:
Dungeon (4/15)
 Temple: D:4-7

Altars:
Dithmenos

Shops:
D:4 :

Annotations:
D:3 Grinder
D:4 exclusion: upstairs, Ijyb


Innate Abilities, Weirdness & Mutations

You have a beak for a mouth.
You have claws for feet.
Your magical nature lets you fly swiftly and evasively.


Message History

You're too confused to cast spells.
You feel less confused. The goblin barely misses you.
Casting: Scorch (safe; 5% risk of failure)
Confirm with . or Enter, or press ? or * to list all spells.
Flames lash the goblin.
You kill the goblin!
Ijyb screams, "It's all mine!"
Ijyb barely misses you.
You hit Ijyb but do no damage. You claw Ijyb, but do no damage.
Ijyb is severely wounded.
Ijyb hits you with a +0 club.
An orc comes into view. It is wielding a +1 dagger of venom.
An endoplasm comes into view.
You barely miss Ijyb.
The endoplasm quivers.
Your kick misses Ijyb. You peck Ijyb, but do no damage.
Ijyb is severely wounded.
Your magical contamination has completely faded away.
You hit Ijyb.
Ijyb is severely wounded.
Ijyb zaps a wand.
The bolt of light hits you!
You are confused.
* * * LOW HITPOINT WARNING * * *
You bump into the rock wall.
Ijyb screams, "No!
No, no, no, no!"
Ijyb closely misses you.
You're too confused to move!
Ijyb misses you.
An orc comes into view.
It is wielding a +0 dagger and carrying a wand of polymorph (9).
You bump into the rock wall.
You feel less confused.
Ijyb is no longer more vulnerable to fire.
Ijyb hits you with a +0 club.
* * * LOW HITPOINT WARNING * * *
Unknown command.
Ijyb screams, "You nasty!
Big nasty!"
Ijyb zaps a wand.
The bolt of light misses you.
Ijyb zaps a wand.
The bolt of light misses you.
Ijyb zaps a wand.
The bolt of light hits you!
You die...

▒. ▒▒▒▒▒▒.▒▒▒▒▒....▒▒.▒
▒▒▒▒▒
▒.▒▒▒▒............▒.o▒...
▒.▒..)......▒▒▒▒.....▒.▒..
▒.▒.▒▒.▒▒▒▒▒▒ ▒g▒.▒.▒. .▒o
▒.▒.▒...▒▒▒▒▒▒▒▒.▒.▒.▒▒
▒▒.▒
▒.▒.[....▒▒........▒.▒ o
▒.▒.......▒.▒▒▒▒.▒▒▒.▒
▒...........▒ ▒.▒ ▒.▒
▒▒▒.......▒▒▒ ▒Q▒ ▒.▒▒
..........▒ ▒.▒ ▒..▒ ▒.
▒▒▒.▒...▒.▒▒▒▒▒▒.▒ ▒▒.▒
▒.. ▒.▒▒......J....▒ ▒.▒
▒.▒ ▒.▒▒▒▒▒.▒▒▒▒▒▒▒▒ ▒.▒
▒.▒ ▒.▒ ▒.▒ ▒.▒ ▒.▒
▒..▒▒▒▒.▒▒▒▒▒ ▒.▒ ▒?▒
▒▒........J.▒▒
▒.▒▒▒.▒▒▒▒▒▒▒
▒▒▒▒▒▒.▒▒...▒▒▒▒
▒.)..........


You could see Ijyb.

Vanquished Creatures
  A hound (D:3)
  A jelly (D:4)
  An iguana (D:4)
  An adder (D:2)
  2 worms
  A dart slug (D:1)
  13 orcs
  5 bats
  12 endoplasms
  4 giant cockroaches
  3 goblins
  2 hobgoblins (D:1)
  8 jackals
  4 quokkas
  9 ball pythons
  A frilled lizard (D:2)
  4 kobolds
  6 rats
78 creatures vanquished.

Vanquished Creatures (others)
  109 foxfires
109 creatures vanquished.

Grand Total: 187 creatures vanquished

Notes
Turn   | Place    | Note
-------+----------+-------------------------------------------
     0 | D:1      | shmup the Tengu Fire Elementalist began the quest for the
                  | Orb.
     0 | D:1      | Reached XP level 1. HP: 10/10 MP: 4/4
   175 | D:1      | Reached XP level 2. HP: 13/15 MP: 0/6
   698 | D:2      | Learned a level 2 spell: Scorch
   706 | D:2      | Reached XP level 3. HP: 19/19 MP: 2/7
   987 | D:2      | Reached skill level 4 in Fire Magic
  1427 | D:2      | Identified the +1 leather armour "Loiridigg" {rC+ Will+}
  1488 | D:2      | Found a faded altar of an unknown god.
  1668 | D:3      | Reached XP level 4. HP: 24/24 MP: 5/8
  1844 | D:3      | Noticed Grinder
  2345 | D:4      | Found Osulu Kefa's Book Shoppe.
  2424 | D:3      | Found a shadowy altar of Dithmenos.
  2694 | D:4      | Gained mutation: Your magical nature lets you fly swiftly
                  | and evasively. [Tengu growth]
  2694 | D:4      | Reached XP level 5. HP: 25/28 MP: 1/9
  3067 | D:4      | Noticed Ijyb
  3093 | D:4      | Killed from afar by Ijyb

Illustrated notes

Levels and vault maps discovered:
D:1:      dpeg_arrival_windows_large_door, layout_rooms
D:2:      layout_basic, ebering_ecumenical_altar_hall
D:3:      lemuel_castle_with_subvaults [lemuel_castle_interior_original],
          layout_basic, mainiacjoe_overflow_six_doors_small, kennysheep_potato,
          uniq_grinder
D:4:      layout_loops_ring, serial_shops, shop, uniq_ijyb,
          uniq_crazy_yiuf_cottage

Skill      XL: |  1  2  3  4  5 |
---------------+----------------+-----
Conjurations   | 2 3 |  3.0
Fire Magic     | 4 |  4.7
Dodging        | 3 |  3.3
Stealth        | 3 |  3.1
Spellcasting   | |  2.7

Action                     |  1- 3 |  4- 6 || total
---------------------------+-------+-------++-------
  Melee: Falchion          |    14 |       ||    14
         Kick              |    10 |    17 ||    27
         Dagger            |    28 |    61 ||    89
         Peck              |     7 |    11 ||    18
   Cast: Foxfire           |    44 |    22 ||    66
         Scorch            |     4 |    27 ||    31
 Armour: Robe              |    10 |       ||    10
         Leather armour    |     1 |    19 ||    20
  Dodge: Dodged            |    36 |   146 ||   182
